 Dungeon Crawl Stone Soup version 0.20-a0-640-g62ed22f (webtiles) character file.

4946 polly the Basher (level 10, -2/61 HPs)
             Began as a Gargoyle Fighter on Feb 12, 2017.
             Was an Initiate of Okawaru.
             Splashed by an acid dragon's acid (16 damage)
             ... on level 9 of the Dungeon.
             The game lasted 00:16:41 (9372 turns).

polly the Basher (Gargoyle Fighter)                 Turns: 9372, Time: 00:16:42

Health: -2/61      AC: 22    Str: 22    XL:     10   Next: 52%
Magic:  10/10      EV:  8    Int:  9    God:    Okawaru [......]
Gold:   432        SH: 11    Dex: 10    Spells: 9/9 levels left

rFire    . . .     SeeInvis .   a - +0 flail
rCold    . . .     Gourm    .   D - +0 plate armour
rNeg     + . .     Faith    .   c - +0 shield
rPois    ∞         Spirit   .   L - +0 hat
rElec    +         Reflect  .   (no cloak)
rCorr    .         Harm     .   B - +0 pair of gloves
MR       +....                  (no boots)
Stlth    ..........             (no amulet)
Regen    0.2/turn               J - +3 ring of protection
MPRegen  0.2/turn               F - +2 ring of protection

@: corroded
A: fangs 1, magic resistance 1, negative energy resistance 1, electricity
resistance, wild magic 1, unbreathing, petrification resistance, rot immunity,
sturdy frame 1, AC +7
a: Renounce Religion


You were on level 9 of the Dungeon.
You worshipped Okawaru.
Okawaru was noncommittal.
You were not hungry.

You visited 2 branches of the dungeon, and saw 10 of its levels.
You also visited: Ossuary.

You collected 432 gold pieces.

Inventory:

Hand Weapons
 a - a +0 flail (weapon)
Missiles
 E - 11 tomahawks (quivered)
Armour
 c - a +0 shield (worn)
 B - a +0 pair of gloves (worn)
 D - a +0 plate armour (worn)
 L - a +0 hat (worn)
Jewellery
 b - an uncursed ring of see invisible
 F - a +2 ring of protection (left hand)
 J - a +3 ring of protection (right hand)
Scrolls
 e - 2 scrolls of fear
 h - 6 scrolls of identify
 i - 2 scrolls of fog {unknown}
 j - 4 scrolls of teleportation {unknown}
 k - a scroll of noise {unknown}
 l - 2 scrolls of blinking {unknown}
 n - a scroll of enchant weapon {unknown}
 o - 3 scrolls of remove curse
 q - 2 scrolls of magic mapping {unknown}
 r - 3 scrolls of enchant armour {unknown}
 v - a scroll of amnesia {unknown}
 y - 3 scrolls of recharging {unknown}
 C - a scroll of immolation {unknown}
 M - a scroll of brand weapon {unknown}
Potions
 d - a potion of might
 g - 2 potions of resistance {unknown}
 p - a potion of cancellation
 s - a potion of agility {unknown}
 t - 2 potions of heal wounds {unknown}
 u - a potion of berserk rage {unknown}
 w - 3 potions of flight {unknown}
 x - 4 potions of lignification {unknown}
 z - 2 potions of invisibility {unknown}
 H - a potion of degeneration {unknown}
 I - 3 potions of curing
Books
 G - a book of Air

   Spells                             Type                      Level
   a - Shock                          Conjuration/Air              1
   b - Swiftness                      Charms/Air                   2
   c - Static Discharge               Conjuration/Air              3
   d - Airstrike                      Air                          4
   e - Lightning Bolt                 Conjuration/Air              5
Comestibles
 f - 5 bread rations
 m - 4 meat rations
 A - 2 royal jellies
 K - 5 chunks of flesh


   Skills:
 + Level 6.5 Fighting
 + Level 9.4 Maces & Flails
 + Level 7.5 Armour
 + Level 3.8 Dodging
 + Level 1.0 Stealth
 + Level 9.0 Shields


You had 9 spell levels left.
You didn't know any spells.

Dungeon Overview and Level Annotations

Branches:
Dungeon (9/15)             Temple (1/1) D:5
   Lair: D:8-11         Orc: D:9-12

Altars:
Ashenzari
Cheibriados
Dithmenos
Elyvilon
Fedhas
Gozag
Hepliaklqana
Kikubaaqudgha
Makhleb
Nemelex Xobeh
Okawaru
Qazlal
Ru
Sif Muna
Trog
Uskayaw
Vehumet
Xom
Yredelemnul
Zin
The Shining One


Innate Abilities, Weirdness & Mutations

You are resistant to torment.
Your stone body is resilient. (AC +7)
You are immune to poison.
You resist negative energy. (rN+)
You are resistant to electric shocks. (rElec)
You can survive without breathing.
You are immune to petrification.
You are immune to rotting.
You have very sharp teeth.
You are resistant to hostile enchantments. (MR+)
Your spells are a little harder to cast, but a little more powerful.
Your movements are slightly less encumbered by armour. (ER -2)


Message History

You are too injured to fight recklessly!
You are too injured to fight recklessly!
You are too injured to fight recklessly!
You are too injured to fight recklessly!
You are too injured to fight recklessly!
You see here a robe.
You hit the orc but do no damage.
The orc is moderately wounded.
You block the orc's attack.
You sock the orc!
You kill the orc!
Okawaru accepts your kill. The acid dragon spits acid at you.
The splash of acid hits you!
You are splashed with acid!
The acid burns!
* * * LOW HITPOINT WARNING * * *
The acid dragon spits acid at you. The splash of acid hits you!
* * * LOW HITPOINT WARNING * * *
The acid corrodes you!
You are splashed with acid!
The acid burns!
You die...

######........# #...
#......####...# #...
####..## ##..## ....
##.# ##..... ... #.#
#...... #..
##.####..##.. #..####
###...##..####.
#..?..###[.......##
#. #.)D@[.....)..##
## ######.........###
# #.....#.....####
#....###........
#....##......#.#
#..........###(#
#..........##..#
..####...........#.##
.......<...##......#.


You could see an acid dragon.

Vanquished Creatures
  Pikel (D:6)
  The ghost of Spectrina the Tainter, a novice FoVM of Makhleb (D:6)
  A troll (D:9)
  Grinder (D:6)
  Sigmund (D:3)
  A wyvern (D:8)
  A hungry ghost (D:5)
  Menkaure (D:5)
  A water moccasin (D:6)
  4 orc warriors
  A sky beast (D:5)
  An eye of draining (D:7)
  2 phantoms
  The ghost of Porcubot the Skirmisher, an amateur DsAK of Lugonu (D:4)
  A black bear (D:7)
  3 centaurs
  4 bullfrogs
  A water moccasin zombie (D:7)
  3 scorpions
  A wyvern skeleton (D:9)
  6 killer bees (D:7)
  2 howler monkeys (D:5)
  A centaur zombie (D:8)
  2 jellies
  A quasit (D:8)
  4 hounds
  2 orc priests (D:4)
  A bullfrog skeleton (D:6)
  Terence (D:3)
  2 iguanas
  4 orc wizards
  3 worker ants
  A hound zombie (D:7)
  14 mummies
  A howler monkey zombie (D:6)
  A worker ant zombie (D:5)
  10 gnolls
  16 adders
  An ooze (D:2)
  An adder zombie (D:4)
  2 adder skeletons
  5 worms
  A dart slug (D:2)
  2 leopard geckos
  34 orcs
  8 giant cockroaches
  9 goblins
  9 hobgoblins
  11 jackals
  5 quokkas
  6 bats
  10 frilled lizards
  2 gnoll skeletons (Ossuary)
  A jackal skeleton (D:7)
  5 kobolds
  3 kobold skeletons (Ossuary)
  3 orc skeletons (Ossuary)
  A quokka skeleton (D:7)
  3 rats
  11 rat skeletons (Ossuary)
236 creatures vanquished.

Vanquished Creatures (others)
  A slave (D:6)
  A bullfrog (D:6)
  An orc wizard (D:8)
  A jackal (D:6)
  A quokka (D:4)
5 creatures vanquished.

Grand Total: 241 creatures vanquished

Notes
Turn   | Place    | Note
-------+----------+-------------------------------------------
     0 | D:1      | polly the Gargoyle Fighter began the quest for the Orb.
     0 | D:1      | Reached XP level 1. HP: 14/14 MP: 1/1
   301 | D:1      | Reached XP level 2. HP: 19/19 MP: 2/2
   681 | D:2      | Reached XP level 3. HP: 7/23 MP: 3/3
   707 | D:2      | HP: 1/23 [adder (3)]
   720 | D:2      | HP: 1/23 [goblin/club (1)]
  1046 | D:2      | Reached XP level 4. HP: 7/28 MP: 4/4
  1383 | D:2      | Reached skill level 1 in Dodging
  1465 | D:2      | Reached XP level 5. HP: 26/33 MP: 5/5
  1833 | D:3      | Noticed Terence
  1860 | D:3      | Killed Terence
  2006 | D:3      | Noticed Sigmund
  2023 | D:3      | HP: 1/33 [Sigmund/scythe (6)]
  2027 | D:3      | Gained mutation: You have a pair of small antennae on your head. [potion of mutation]
  2027 | D:3      | Gained mutation: You are dopey. (Int -2) [potion of mutation]
  2027 | D:3      | Gained mutation: Scrolls take you a little longer to read. [potion of mutation]
  2027 | D:3      | Gained mutation: Your movements are slightly less encumbered by armour. (ER -2) [potion of mutation]
  2029 | D:3      | Killed Sigmund
  2029 | D:3      | Reached skill level 5 in Shields
  2029 | D:3      | Reached XP level 6. HP: 10/38 MP: 6/6
  2033 | D:3      | Lost mutation: You are dopey. (Int -2) [potion of mutation]
  2033 | D:3      | Lost mutation: Scrolls take you a little longer to read. [potion of mutation]
  2033 | D:3      | Lost mutation: You have a pair of small antennae on your head. [potion of mutation]
  2033 | D:3      | Gained mutation: You are resistant to hostile enchantments. (MR+) [potion of mutation]
  2033 | D:3      | Gained mutation: You have very sharp teeth. [potion of mutation]
  2033 | D:3      | Gained mutation: Your spells are a little harder to cast, but a little more powerful. [potion of mutation]
  2636 | D:4      | Found a white marble altar of Elyvilon.
  2655 | D:4      | Noticed Porcubot's ghost (amateur DsAK)
  2675 | D:4      | Found a sand-covered staircase.
  2685 | Ossuary  | Entered an ossuary
  2858 | Ossuary  | Reached XP level 7. HP: 28/42 MP: 7/7
  3006 | Ossuary  | Reached skill level 5 in Maces & Flails
  3433 | D:4      | Killed Porcubot's ghost
  4227 | D:4      | Reached XP level 8. HP: 48/48 MP: 8/8
  4869 | D:5      | Entered Level 5 of the Dungeon
  4892 | D:5      | Reached skill level 5 in Armour
  4941 | D:5      | You fall through a shaft for 2 floors!
  5201 | D:5      | Noticed Menkaure
  5207 | D:5      | Killed Menkaure
  5372 | D:5      | Found a staircase to the Ecumenical Temple.
  5423 | Temple   | Entered the Ecumenical Temple
  5600 | D:5      | Found a blossoming altar of Fedhas.
  5617 | D:5      | Reached skill level 5 in Fighting
  5883 | D:6      | Noticed Grinder
  5897 | D:6      | Noticed Spectrina's ghost (novice FoVM)
  5901 | D:6      | Killed Grinder
  5909 | D:6      | Killed Spectrina's ghost
  5909 | D:6      | Reached XP level 9. HP: 27/54 MP: 9/9
  5948 | D:6      | Noticed Pikel
  5958 | D:6      | Killed Pikel
  5985 | D:6      | Found an ancient bone altar of Kikubaaqudgha.
  6236 | D:6      | Found a shadowy altar of Dithmenos.
  6281 | D:6      | Found a sacrificial altar of Ru.
  6282 | D:6      | Found a deep blue altar of Sif Muna.
  6287 | D:6      | Found a glowing silver altar of Zin.
  6287 | D:6      | Found a radiant altar of Vehumet.
  6288 | D:6      | Found a sparkling altar of Nemelex Xobeh.
  7257 | D:8      | Reached skill level 1 in Stealth
  7266 | D:8      | Reached XP level 10. HP: 19/60 MP: 10/10
  8464 | D:8      | Found a hide-covered altar of Uskayaw.
  8944 | D:8      | Found an iron altar of Okawaru.
  8969 | D:8      | Became a worshipper of Warmaster Okawaru
  9372 | D:9      | Splashed by an acid dragon's acid

Vault maps used:
D:1:      lemuel_arrival_hallway
D:3:      first_bread, kennysheep_generic_room_14, uniq_terence, uniq_sigmund
D:4:      elyvilon_altar_4, gup_ossuary_entry_pyramid, corexii_shack
D:5:      minmay_temple_entry_overgrown, basic_altar, serial_park_tiny_pond,
          minmay_item_behind_shaft, grunt_ministairs_14, uniq_menkaure
D:6:      grunt_temple_overflow_open, serial_glass, glass_columns_b,
          glass_columns_c, glass_columns_a, glass_columns_b, glass_columns_c,
          glass_columns_a, glass_columns_a, glass_columns_b, grunt_ministairs_1,
          hex_tiny, nicolae_dithmenos_the_darkroom, uniq_pikel, uniq_grinder
D:7:      lemuel_upstairs_altar
D:8:      okawaru_altar_gauntlet_db, lemuel_doored_altar
D:9:      blue_anna_alchemist
Temple:   nicolae_temple_hex_pool
Ossuary:  ossuary_due_small_catacomb

Skill      XL: |  1  2  3  4  5  6  7  8  9 10 |
---------------+-------------------------------+-----
Shields        | 4 5 6 8 9 |  9.0
Dodging        | 1 2 3 |  3.8
Maces & Flails | 3 4 6 7 8 9 |  9.4
Armour         | 4 5 6 7 |  7.5
Fighting       | 4 5 6 |  6.5
Stealth        | 1 |  1.0

Action                   |  1- 3 |  4- 6 |  7- 9 | 10-12 || total
-------------------------+-------+-------+-------+-------++-------
Melee: Flail             |   158 |   259 |   525 |   353 ||  1295
       Bite              |       |     6 |    49 |    42 ||    97
  Use: Potion            |       |     4 |     9 |       ||    13
       Scroll            |       |       |     2 |       ||     2
  Eat: Chunk             |       |     6 |     5 |     7 ||    18
       Royal jelly       |       |       |     2 |     1 ||     3
       Fruit             |       |       |     4 |       ||     4
       Meat ration       |       |       |     1 |       ||     1
       Bread ration      |       |       |     1 |       ||     1
Armor: Scale mail        |   120 |   134 |   242 |       ||   496
       Plate armour      |       |       |    43 |   230 ||   273
Dodge: Dodged            |    61 |   109 |   261 |   101 ||   532
Block: Shield            |   107 |   169 |   340 |   231 ||   847
